 Dungeon Crawl Stone Soup version 0.20.1-1-g8b1a95d (webtiles) character file.

12 letownia2 the Grave Robber (level 2, 0/22 HPs)
             Began as a Deep Dwarf Necromancer on Oct 28, 2017.
             Slain by a big kobold
             ... wielding a +0 short sword
              (3 damage)
             ... on level 3 of the Dungeon.
             The game lasted 00:01:34 (551 turns).

letownia2 the Grave Robber (Deep Dwarf Necromancer)  Turns: 551, Time: 00:01:34

Health: 0/22       AC:  2    Str: 11    XL:     2   Next: 20%
Magic:  0/5        EV: 12    Int: 15    God:
Gold:   9          SH:  0    Dex: 13    Spells: 4/5 levels left

rFire    . . .     SeeInvis .   h - -1 whip (curse)
rCold    . . .     Gourm    .   (no shield)
rNeg     . . .     Faith    .   i - +0 robe
rPois    .         Spirit   .   (no helmet)
rElec    .         Reflect  .   (no cloak)
rCorr    .         Harm     .   (no gloves)
MR       .....                  (no boots)
Stlth    ++........             (no amulet)
Regen    0.0/turn               (no ring)
MPRegen  0.1/turn               (no ring)

@: non-regenerating
A: damage resistance, heal wounds, sense surroundings 1, no regeneration
a: Heal Wounds


You were on level 3 of the Dungeon.
You were not hungry.

You visited 1 branch of the dungeon, and saw 3 of its levels.

You collected 9 gold pieces.

Inventory:

Hand Weapons
 a - a +0 short sword of speed
 h - a cursed -1 whip (weapon)
Missiles
 g - 5 tomahawks (quivered)
Armour
 i - a +0 robe (worn)
Scrolls
 d - a scroll of teleportation {unknown}
 e - a scroll of identify {unknown}
 f - a scroll of immolation {unknown}
Books
 b - a book of Necromancy

   Spells                             Type                      Level
   a - Pain                           Necromancy                   1
   b - Animate Skeleton               Necromancy                   1
   c - Vampiric Draining              Necromancy                   3
   d - Regeneration                   Charms/Necromancy            3
   e - Animate Dead                   Necromancy                   4
   f - Control Undead                 Necromancy                   4
Comestibles
 c - 2 bread rations


   Skills:
 - Level 2.1 Dodging
 - Level 2.4 Stealth
 + Level 2.2 Spellcasting
 + Level 4.6 Necromancy


You had 4 spell levels left.
You knew the following spells:

 Your Spells              Type           Power        Failure   Level  Hunger
a - Pain                  Necr           ###.         3%          1    #......


Dungeon Overview and Level Annotations

Branches:
Dungeon (3/15)

Altars:
Qazlal


Innate Abilities, Weirdness & Mutations

You are resistant to damage.
You can heal yourself by infusing magical energy.
You passively map a small area around you.
You do not regenerate.


Message History

The big kobold misses you.
You closely miss the big kobold.
The big kobold is heavily wounded.
The big kobold closely misses you.
Unknown command.
Casting: Pain
Confirm with . or Enter, or press ? or * to list all spells.
Aiming: Pain
Press: ? - help, Shift-Dir - straight line, f/p - big kobold
Aim: a big kobold, wielding a short sword (heavily wounded, chance to defeat MR: 73%)
The big kobold writhes in agony!
The big kobold hits you with a short sword.
Unknown command.
You barely miss the big kobold.
The big kobold is heavily wounded.
The big kobold hits you but does no damage.
You closely miss the big kobold.
The big kobold is heavily wounded.
The big kobold hits you with a short sword.
You die...

.........#
*.........# , ,
.........# ,
.........# ,
.........# * , ,
.........# , , ,
.........# * , ,
.......<.#####
*####.##...@Ko##
* * *,*######..#
# , ##.#####.# *
* #.....#.#####
*#####........ *
* , #......... *
#.........# *
#o........# *
.goS.......#


You could see a big kobold and an orc.

Vanquished Creatures
  An ooze (D:2)
  2 goblins (D:2)
  2 kobolds (D:2)
  A quokka (D:2)
  A bat (D:2)
  A frilled lizard (D:1)
  A rat (D:2)
9 creatures vanquished.

Vanquished Creatures (others)
  A worm (D:2)
1 creature vanquished.

Grand Total: 10 creatures vanquished

Notes
Turn   | Place    | Note
-------+----------+-------------------------------------------
     0 | D:1      | letownia2 the Deep Dwarf Necromancer began the quest for the Orb.
     0 | D:1      | Reached XP level 1. HP: 15/15 MP: 3/3
   307 | D:2      | Found a stormy altar of Qazlal.
   445 | D:2      | Reached XP level 2. HP: 17/22 MP: 0/5
   524 | D:3      | Noticed a big kobold
   551 | D:3      | Slain by a big kobold

Skill      XL: |  1 |
---------------+----+-----
Spellcasting   | 2 |  2.2
Dodging        | |  2.1
Stealth        | |  2.4
Necromancy     | |  4.6

Action                   || total
-------------------------++-------
Melee: Short sword       ||     6
       Unarmed           ||     3
       Whip              ||     9
Throw: Tomahawk          ||     1
 Cast: Pain              ||    27
Armor: Robe              ||     2
Dodge: Dodged            ||    15
